PIO (24 & UNDER)
EAU CLAIRE ESQUIRES @ SEATTLE RAINIERS
05/31/2026
 
TOP OF THE 1ST
Eau Claire Esquires batting - Pitching for Seattle Rainiers : RHP Brandon Sweet
Pitching: RHP Brandon Sweet
Batting: SHB Álex Hernández 0-0: DOUBLE (Groundball, 3L)
Batting: LHB Jesús Bueno 0-0: Ball
1-0: Swinging Strike
1-1: Swinging Strike
1-2: Ball
2-2: Fly out, F8 (Flyball, 8LXD)
Runner from 2nd tags up, SAFE at 3rd, no throw
Batting: RHB Félix Gonzáles 0-0: Hit by Pitch
Batting: SHB Manuel Hegnauer 0-0: Ball
1-0: Ball
2-0: Fly out, F5 (Line Drive, 5)
Batting: RHB Esteban Lara 0-0: Ball
1-0: Ball
2-0: Foul Ball, location: 2F
2-1: Ball
3-1: Base on Balls
Félix Gonzáles to second
Batting: LHB Pedro Díaz 0-0: Fielders Choice at 2nd, 6-4 (Groundball, 6)
Top of the 1st over - 0 run(s), 1 hit(s), 0 error(s), 2 left on base; Eau Claire 0 - Seattle 0
BOTTOM OF THE 1ST
Seattle Rainiers batting - Pitching for Eau Claire Esquires : RHP Arthur López
Pitching: RHP Arthur López
Batting: RHB Jorge Colón 0-0: Ground out 6-3 (Groundball, 6)
Batting: RHB Alfredo Farías 0-0: Fly out, F3 (Popup, 3F)
Batting: LHB Alan Moore 0-0: Foul Ball, location: 2F
0-1: Ball
1-1: Ball
2-1: Called Strike
2-2: SOLO HOME RUN (Flyball, 9D), Distance : 377 ft
Batting: RHB Vincent Braun 0-0: Swinging Strike
0-1: Ball
1-1: Ball
2-1: SINGLE (Groundball, 56D)
Batting: RHB Tony Hernández 0-0: Swinging Strike
0-1: Ball
1-1: DOUBLE (Line Drive, 9LS)
Vincent Braun to third
Runner from 3rd tries for Home, SAFE, no throw or cutoff
Batting: RHB Jeremiah Soto 0-0: Ball
1-0: Swinging Strike
1-1: Ball
2-1: Fly out, F7 (Flyball, 7M)
Bottom of the 1st over - 2 run(s), 3 hit(s), 0 error(s), 1 left on base; Eau Claire 0 - Seattle 2
TOP OF THE 2ND
Eau Claire Esquires batting - Pitching for Seattle Rainiers : RHP Brandon Sweet
Batting: RHB Jon Krohne 0-0: Ball
1-0: Ball
2-0: Called Strike
2-1: Ball
3-1: Base on Balls
Batting: LHB José Martínez 0-0: Swinging Strike
0-1: Ball
1-1: Ball
2-1: Ball
3-1: Base on Balls
Jon Krohne to second
Batting: RHB Nelson Castro 0-0: Called Strike
0-1: Foul Ball, location: 2F
0-2: Ball
1-2: Ball
2-2: Foul Ball, location: 2F
2-2: Strikes out swinging
Batting: SHB Álex Hernández 0-0: Ball
1-0: Ball
2-0: Foul Ball, location: 2F
2-1: Ball
3-1: Base on Balls
Jon Krohne to third
José Martínez to second
Batting: LHB Jesús Bueno 0-0: Fly out, F9 (Flyball, 89D)
Runner from 3rd tags up, SCORES, no throw
Batting: RHB Félix Gonzáles 0-0: Swinging Strike
0-1: Foul Ball, location: 2F
0-2: Strikes out swinging
Top of the 2nd over - 1 run(s), 0 hit(s), 0 error(s), 2 left on base; Eau Claire 1 - Seattle 2
BOTTOM OF THE 2ND
Seattle Rainiers batting - Pitching for Eau Claire Esquires : RHP Arthur López
Batting: RHB Juan Robles 0-0: Ball
1-0: Ball
2-0: Ball
3-0: Base on Balls
Batting: RHB John Hill 0-0: Called Strike
0-1: Ball
1-1: Called Strike
1-2: Foul Ball, location: 2F
1-2: Ball
2-2: SINGLE (Line Drive, 78S)
Juan Robles to second
Batting: RHB Bill Dawson 0-0: Ball
1-0: Ball
2-0: Ball
3-0: Called Strike
3-1: Fielders Choice at 2nd, 5-4 (Groundball, 5)
Juan Robles to third
Batting: RHB Jorge Colón 0-0: Foul Ball, location: 2F
0-1: Swinging Strike
0-2: Ball
1-2: Strikes out looking
Batting: RHB Alfredo Farías 0-0: Ball
1-0: Called Strike
1-1: Fly out, F9 (Popup, 34D)
Bottom of the 2nd over - 0 run(s), 1 hit(s), 0 error(s), 2 left on base; Eau Claire 1 - Seattle 2
TOP OF THE 3RD
Eau Claire Esquires batting - Pitching for Seattle Rainiers : RHP Brandon Sweet
Batting: SHB Manuel Hegnauer 0-0: Ground out 4-3 (Groundball, 4M)
Batting: RHB Esteban Lara 0-0: Ball
1-0: Ground out 5-3 (Groundball, 15S)
Batting: LHB Pedro Díaz 0-0: Called Strike
0-1: Ball
1-1: Ball
2-1: Swinging Strike
2-2: Strikes out looking
Top of the 3rd over - 0 run(s), 0 hit(s), 0 error(s), 0 left on base; Eau Claire 1 - Seattle 2
BOTTOM OF THE 3RD
Seattle Rainiers batting - Pitching for Eau Claire Esquires : RHP Arthur López
Batting: LHB Alan Moore 0-0: Called Strike
0-1: Ground out 1-3 (Groundball, 13S)
Batting: RHB Vincent Braun 0-0: Hit by Pitch
Batting: RHB Tony Hernández 0-0: Called Strike
0-1: Fielders Choice at 2nd, 5-4 (Groundball, 56)
Batting: RHB Jeremiah Soto 0-0: Called Strike
0-1: Called Strike
0-2: Ball
1-2: Strikes out swinging
Bottom of the 3rd over - 0 run(s), 0 hit(s), 0 error(s), 1 left on base; Eau Claire 1 - Seattle 2
TOP OF THE 4TH
Eau Claire Esquires batting - Pitching for Seattle Rainiers : RHP Brandon Sweet
Batting: RHB Jon Krohne 0-0: Foul Ball, location: 2F
0-1: Foul Ball, location: 2F
0-2: Ball
1-2: SINGLE (Groundball, 6M)
Batting: LHB José Martínez 0-0: Ball
1-0: Foul Ball, location: 2F
1-1: Ball
2-1: SINGLE (Groundball, 4MD)
Jon Krohne to second
Runner from 2nd tries for 3rd, SAFE, no throw or cutoff
Batting: RHB Nelson Castro 0-0: Called Strike
0-1: Foul Ball, location: 2F
0-2: Ball
1-2: Strikes out looking
Batting: SHB Álex Hernández 0-0: Called Strike
0-1: Hit by Pitch
José Martínez to second
Batting: LHB Jesús Bueno 0-0: Ball
1-0: Ball
2-0: Foul Ball, location: 2F
2-1: DOUBLE (Flyball, 8RM)
Jon Krohne scores
José Martínez scores
Álex Hernández to third
Batting: RHB Félix Gonzáles 0-0: Ball
1-0: 3-RUN HOME RUN (Flyball, 7D), Distance : 447 ft
Batting: SHB Manuel Hegnauer 0-0: Called Strike
0-1: Ball
1-1: Foul Ball, location: 2F
1-2: Strikes out swinging
Batting: RHB Esteban Lara 0-0: Swinging Strike
0-1: Foul Ball, location: 2F
0-2: Strikes out looking
Top of the 4th over - 5 run(s), 4 hit(s), 0 error(s), 0 left on base; Eau Claire 6 - Seattle 2
BOTTOM OF THE 4TH
Seattle Rainiers batting - Pitching for Eau Claire Esquires : RHP Arthur López
Batting: RHB Juan Robles 0-0: Ball
1-0: Foul Ball, location: 2F
1-1: Ground out 6-3 (Groundball, 6)
Batting: RHB John Hill 0-0: Ball
1-0: Ground out 3-1 (Groundball, 3)
Batting: RHB Bill Dawson 0-0: Called Strike
0-1: Called Strike
0-2: Foul Ball, location: 2F
0-2: Fly out, F9 (Flyball, 9LSF)
Bottom of the 4th over - 0 run(s), 0 hit(s), 0 error(s), 0 left on base; Eau Claire 6 - Seattle 2
TOP OF THE 5TH
Eau Claire Esquires batting - Pitching for Seattle Rainiers : RHP Brandon Sweet
Batting: LHB Pedro Díaz 0-0: Ball
1-0: Ball
2-0: Fly out, F5 (Line Drive, 56)
Batting: RHB Jon Krohne 0-0: Called Strike
0-1: Ball
1-1: Ball
2-1: Ground out 5-3 (Groundball, 5)
Batting: LHB José Martínez 0-0: Ball
1-0: Foul Ball, location: 2F
1-1: Foul Ball, location: 2F
1-2: Foul Ball, location: 2F
1-2: Ball
2-2: Strikes out swinging
Top of the 5th over - 0 run(s), 0 hit(s), 0 error(s), 0 left on base; Eau Claire 6 - Seattle 2
BOTTOM OF THE 5TH
Seattle Rainiers batting - Pitching for Eau Claire Esquires : RHP Arthur López
Batting: RHB Jorge Colón 0-0: SINGLE (Groundball, 5L)
Batting: RHB Alfredo Farías 0-0: Fly out, F3 (Popup, 3S)
Batting: LHB Alan Moore 0-0: Ball
1-0: Fielders Choice at 2nd, 3-6 (Groundball, 3)
Batting: RHB Vincent Braun 0-0: Ball
1-0: Swinging Strike
1-1: Ball
2-1: Swinging Strike
2-2: Strikes out swinging
Bottom of the 5th over - 0 run(s), 1 hit(s), 0 error(s), 1 left on base; Eau Claire 6 - Seattle 2
TOP OF THE 6TH
Eau Claire Esquires batting - Pitching for Seattle Rainiers : RHP Brandon Sweet
Pitching: LHP William Gordon
Batting: RHB Nelson Castro 0-0: Called Strike
0-1: Foul Ball, location: 2F
0-2: Ball
1-2: Strikes out swinging
Batting: SHB Álex Hernández 0-0: Ground out 6-3 (Groundball, 6)
Batting: LHB Jesús Bueno 0-0: Foul Ball, location: 2F
0-1: Foul Ball, location: 2F
0-2: Foul Ball, location: 2F
0-2: Ball
1-2: Strikes out swinging
Top of the 6th over - 0 run(s), 0 hit(s), 0 error(s), 0 left on base; Eau Claire 6 - Seattle 2
BOTTOM OF THE 6TH
Seattle Rainiers batting - Pitching for Eau Claire Esquires : RHP Arthur López
Batting: RHB Tony Hernández 0-0: Ball
1-0: Foul Ball, location: 2F
1-1: Ball
2-1: Foul Ball, location: 2F
2-2: Fly out, F8 (Line Drive, 8LS)
Batting: RHB Jeremiah Soto 0-0: Ball
1-0: Ground out 6-3 (Groundball, 6M)
Batting: RHB Juan Robles 0-0: Ball
1-0: Ball
2-0: Ball
3-0: Called Strike
3-1: Called Strike
3-2: Foul Ball, location: 2F
3-2: Foul Ball, location: 2F
3-2: Ground out 6-3 (Groundball, 6)
Bottom of the 6th over - 0 run(s), 0 hit(s), 0 error(s), 0 left on base; Eau Claire 6 - Seattle 2
TOP OF THE 7TH
Eau Claire Esquires batting - Pitching for Seattle Rainiers : LHP William Gordon
Batting: RHB Félix Gonzáles 0-0: Called Strike
0-1: Called Strike
0-2: Ball
1-2: Foul Ball, location: 2F
1-2: Ground out 1-3 (Groundball, 15)
Batting: SHB Manuel Hegnauer 0-0: Foul Ball, location: 2F
0-1: Ball
1-1: Ball
2-1: Swinging Strike
2-2: Foul Ball, location: 2F
2-2: Ball
3-2: Base on Balls
Batting: RHB Esteban Lara 0-0: Foul Ball, location: 2F
0-1: Ball
1-1: Ball
2-1: Foul Ball, location: 2F
2-2: Foul Ball, location: 2F
2-2: Strikes out looking
Batting: LHB Pedro Díaz 0-0: Called Strike
0-1: Foul Ball, location: 2F
0-2: Fly out, F8 (Flyball, 8LXD)
Top of the 7th over - 0 run(s), 0 hit(s), 0 error(s), 1 left on base; Eau Claire 6 - Seattle 2
BOTTOM OF THE 7TH
Seattle Rainiers batting - Pitching for Eau Claire Esquires : RHP Arthur López
Batting: RHB John Hill 0-0: Ball
1-0: Ball
2-0: Ball
3-0: Base on Balls
Pitching: RHP Robinson Alomar
Batting: RHB Bill Dawson 0-0: Swinging Strike
0-1: Fly out, F3 (Popup, 3DF)
Batting: RHB Jorge Colón 0-0: Foul Ball, location: 2F
0-1: Ball
1-1: Ball
2-1: Ball
3-1: Foul Ball, location: 2F
3-2: Base on Balls
John Hill to second
Batting: RHB Alfredo Farías 0-0: Fly out, F9 (Flyball, 89M)
Batting: LHB Alan Moore 0-0: Called Strike
0-1: Fly out, F9 (Flyball, 9LM)
Bottom of the 7th over - 0 run(s), 0 hit(s), 0 error(s), 2 left on base; Eau Claire 6 - Seattle 2
TOP OF THE 8TH
Eau Claire Esquires batting - Pitching for Seattle Rainiers : LHP William Gordon
Pitching: RHP Dani Vásquez
Batting: RHB Jon Krohne 0-0: Ball
1-0: Ball
2-0: Ball
3-0: Base on Balls
Batting: LHB José Martínez 0-0: Ball
1-0: Sac Bunt - play at second, runner OUT -> throw to first, DP!
Batting: RHB Nelson Castro 0-0: Fly out, F3 (Popup, 3SF)
Top of the 8th over - 0 run(s), 0 hit(s), 0 error(s), 0 left on base; Eau Claire 6 - Seattle 2
BOTTOM OF THE 8TH
Seattle Rainiers batting - Pitching for Eau Claire Esquires : RHP Robinson Alomar
Batting: RHB Vincent Braun 0-0: Foul Ball, location: 2F
0-1: SINGLE (Groundball, 56D)
Batting: RHB Tony Hernández 0-0: Fly out, F3 (Popup, 3F)
Batting: RHB Jeremiah Soto 0-0: Ball
1-0: Fly out, F9 (Line Drive, 9S)
Batting: RHB Juan Robles 0-0: Ball
1-0: Foul Ball, location: 2F
1-1: Called Strike
1-2: Foul Ball, location: 2F
1-2: Foul Ball, location: 2F
1-2: Foul Ball, location: 2F
1-2: Foul Ball, location: 2F
1-2: Hit by Pitch
Vincent Braun to second
Pitching: RHP Kel Rosewarne
Batting: RHB John Hill 0-0: Ball
1-0: Ball
2-0: Ball
3-0: Called Strike
3-1: Hit by Pitch
Vincent Braun to third
Juan Robles to second
Batting: RHB Bill Dawson 0-0: Called Strike
0-1: Foul Ball, location: 2F
0-2: Fly out, F4 (Popup, 4D)
Bottom of the 8th over - 0 run(s), 1 hit(s), 0 error(s), 3 left on base; Eau Claire 6 - Seattle 2
TOP OF THE 9TH
Eau Claire Esquires batting - Pitching for Seattle Rainiers : RHP Dani Vásquez
Batting: SHB Álex Hernández 0-0: SINGLE (Groundball, 4MD)
Batting: LHB Jesús Bueno 0-0: Grounds into double play, 4-6-3 (Groundball, 4M)
Batting: RHB Félix Gonzáles 0-0: Swinging Strike
0-1: Called Strike
0-2: SOLO HOME RUN (Flyball, 78XD), Distance : 436 ft
Batting: SHB Manuel Hegnauer 0-0: Ball
1-0: Swinging Strike
1-1: Swinging Strike
1-2: Ball
2-2: Strikes out swinging
Top of the 9th over - 1 run(s), 2 hit(s), 0 error(s), 0 left on base; Eau Claire 7 - Seattle 2
BOTTOM OF THE 9TH
Seattle Rainiers batting - Pitching for Eau Claire Esquires : RHP Kel Rosewarne
Now in RF: Pancho Álvarez
Batting: RHB Jorge Colón 0-0: Ball
1-0: Called Strike
1-1: Bunted foul
1-2: Strikes out swinging
Batting: RHB Alfredo Farías 0-0: Ball
1-0: Foul Ball, location: 2F
1-1: Foul Ball, location: 2F
1-2: Foul Ball, location: 2F
1-2: Foul Ball, location: 2F
1-2: SOLO HOME RUN (Flyball, 9D), Distance : 376 ft
Batting: LHB Alan Moore 0-0: Swinging Strike
0-1: Swinging Strike
0-2: Strikes out swinging
Batting: RHB Vincent Braun 0-0: Ball
1-0: DOUBLE (Flyball, 8LXD)
Batting: RHB Tony Hernández 0-0: Ball
1-0: Ball
2-0: SINGLE (Flyball, 78S)
Vincent Braun to third
Runner from 3rd tries for Home, SAFE, no throw or cutoff
Pitching: RHP José Rivera
Batting: RHB Jeremiah Soto 0-0: Called Strike
0-1: Foul Ball, location: 2F
0-2: Foul Ball, location: 2F
0-2: Ball
1-2: Ball
2-2: Foul Ball, location: 2F
2-2: Foul Ball, location: 2F
2-2: Foul Ball, location: 2F
2-2: Strikes out swinging
Bottom of the 9th over - 2 run(s), 3 hit(s), 0 error(s), 1 left on base; Eau Claire 7 - Seattle 4
Monday, December 5th, 2016 - OOTP Baseball 17.12 Build 75